 Dungeon Crawl Stone Soup version 0.26-a0-649-gf8c6c3aab7 (webtiles) character file.

Game seed: 12485803133285449329

674620 simcity the Cloud Mage (level 27, -8/230 HPs)
             Began as an Octopode Conjurer on Sept 26, 2020.
             Was an Initiate of Gozag.
             Mangled by a bennu (12 damage)
             ... while paralysed by a Zot trap
             ... on level 2 of the Tomb of the Ancients on Sept 27, 2020.
             The game lasted 09:36:41 (125285 turns).

simcity the Cloud Mage (Octopode Conjurer)        Turns: 125285, Time: 09:36:41

Health: -8/230     AC: 49    Str: 12 (13) XL:     27
Magic:  2/47       EV:  2    Int: 40 (43) God:    Gozag
Gold:   138        SH:  0    Dex: 18 (20) Spells: 7/66 levels left

rFire    + . .     SeeInvis +   a - +8 hand crossbow of Vanity {vorpal, +Inv rPois Int+4 SInv}
rCold    . . .     Faith    .   b - +3 buckler {AC+3}
rNeg     + + +     Spirit   .   C - +2 hat
rPois    ∞         Reflect  .   r - amulet of the Four Winds {rN+ MR+++ Clar}
rElec    +         Harm     .   B - ring "Laedgh" {rPois rF+ MR+ Stlth+}
rCorr    .         Rampage  .   H - +4 ring of protection
MR       +++..     Clarity  +   S - +4 ring of protection
Stlth    ++........             f - +6 ring of intelligence
HPRegen  0.48/turn              T - ring of Seym {+Fly Int+7 Dex+4}
MPRegen  0.30/turn              p - ring of wizardry
                                s - ring "Wikuek" {rPois rN+++ AC+4 Str+2 Stlth-}
                                W - ring of Detorunk {EV+4 Dex+5 SInv}

@: paralysed, about to teleport, statue-form, vulnerable, contaminated, held,
glowing
A: almost no armour, stealthy swim, amphibious, 8 rings, constrict 8, camouflage
1, dopey 1
}: 3/15 runes: barnacled, silver, gossamer
a: End Transformation, Potion Petition, Call Merchant, Bribe Branch, Renounce
Religion, Evoke Invisibility, Evoke Flight


You were on level 2 of the Tomb of the Ancients.
You worshipped Gozag.
Gozag was aware of your devotion.
You were a stone statue.
You visited 12 branches of the dungeon, and saw 51 of its levels.
You also visited: Sewer, Ice Cave and Volcano.

You collected 39459 gold pieces.
You spent 19861 gold pieces at shops.
You paid 19460 gold pieces to Gozag.

Inventory:

Hand Weapons
 a - the +8 hand crossbow of Vanity (weapon) {vorpal, +Inv rPois Int+4 SInv}
   (You bought it in a shop on level 1 of the Lair of Beasts)

   Any bolt fired from it inflicts extra damage.
   It affects your intelligence (+4).
   It protects you from poison.
   It lets you see invisible.
   It lets you turn invisible.
Missiles
 e - 2518 bolts (quivered)
 E - 54 silver javelins
Armour
 b - a +3 buckler of protection (worn)
 C - a +2 hat (worn)
Magical Staves
 D - an uncursed staff of fire
Jewellery
 c - the ring "Siucrust" {rF+ rC++ Str+4}
   (You acquired it on level 15 of the Dungeon)

   [ring of protection from fire]

   It affects your strength (+4).
   It protects you from fire.
   It greatly protects you from cold.
 f - a +6 ring of intelligence (on tentacle)
 g - an uncursed ring of resist corrosion
 p - a ring of wizardry (on tentacle)
 r - the amulet of the Four Winds (around mantle) {rN+ MR+++ Clar}
   (You bought it in a shop on level 15 of the Dungeon)

   [amulet of nothing]

   It protects you from negative energy.
   It affects your resistance to hostile enchantments.
   It protects you against confusion.
 s - the ring "Wikuek" (on tentacle) {rPois rN+++ AC+4 Str+2 Stlth-}
   (You found it on level 4 of the Shoals)

   [ring of protection]

   It affects your AC (+4).
   It affects your strength (+2).
   It protects you from poison.
   It renders you almost immune to negative energy.
   It makes you less stealthy.
 z - an uncursed ring of protection from cold
 B - the ring "Laedgh" (left tentacle) {rPois rF+ MR+ Stlth+}
   (You took it off a guardian mummy on level 1 of the Tomb of the Ancients)

   [ring of poison resistance]

   It protects you from fire.
   It protects you from poison.
   It affects your resistance to hostile enchantments.
   It makes you more stealthy.
 H - a +4 ring of protection (right tentacle)
 S - a +4 ring of protection (on tentacle)
 T - the ring of Seym (on tentacle) {+Fly Int+7 Dex+4}
   (You took it off a spriggan air mage on level 3 of the Depths)

   [ring of flight]

   It affects your intelligence (+7).
   It affects your dexterity (+4).
   It lets you fly.
 W - the ring of Detorunk (on tentacle) {EV+4 Dex+5 SInv}
   (You bought it in a shop on level 1 of the Lair of Beasts)

   [ring of evasion]

   It affects your evasion (+4).
   It affects your dexterity (+5).
   It lets you see invisible.
Wands
 n - a wand of enslavement (66)
 I - a wand of acid (36)
 L - a wand of iceblast (68)
 X - a wand of digging (25)
Scrolls
 d - a scroll of blinking
 h - 3 scrolls of holy word
 j - 5 scrolls of fear
 k - 22 scrolls of remove curse
 l - 7 scrolls of magic mapping
 o - 30 scrolls of teleportation
 t - 15 scrolls of fog
 x - 11 scrolls of identify
 A - 2 scrolls of summoning
 N - 7 scrolls of immolation
Potions
 u - 4 potions of brilliance
 v - 30 potions of curing
 G - 3 potions of haste
 K - a potion of invisibility
 M - 11 potions of lignification
 R - 5 potions of resistance
 Y - 3 potions of cancellation
Miscellaneous
 m - a condenser vane (inert)
 q - a phial of floods
 w - a lightning rod (4/4)
 y - a tin of tremorstones (3/3)
 F - a phantom mirror (inert)
 V - a box of beasts (inert)


   Skills:
 - Level 12.0 Fighting
 - Level 13.7 Crossbows
 - Level 12.0 Dodging
 - Level 8.0 Stealth
 - Level 8.0 Shields
 + Level 20.0 Spellcasting
 - Level 13.2 Conjurations
 - Level 12.1 Hexes
   Level 4.8 Necromancy
 + Level 15.4 Translocations
 - Level 10.0 Transmutations
 - Level 14.5 Ice Magic
 + Level 21.8 Air Magic
 - Level 21.2 Earth Magic
 - Level 10.3 Evocations


You had 7 spell levels left.
You knew the following spells:

 Your Spells              Type           Power        Failure   Level
c - Fulminant Prism       Conj/Hex       #######...   1%          4
f - Cause Fear            Hex            #######...   1%          4
h - Shatter               Erth           ########..   4%          9
l - Blink                 Tloc           N/A          0%          2
o - Orb of Destruction    Conj           #######...   1%          7
p - Passage of Golubria   Tloc           N/A          0%          4
r - Ozocubu's Refrigerat  Ice            ########..   1%          6
s - Statue Form           Tmut/Erth      ########.    1%          6
t - Tornado               Air            ########..   3%          9
D - Disjunction           Tloc           ########..   3%          8

Your spell library contained the following spells:

 Spells                   Type           Power        Failure   Level
 Apportation              Tloc           ######       0%          1
 Beastly Appendage        Tmut           ######       0%          1
 Corona                   Hex            #######      0%          1
 Freeze                   Ice            ####         0%          1
 Magic Dart               Conj           ####         0%          1
 Sandblast                Erth           ######       0%          1
 Shock                    Conj/Air       ####         0%          1
 Ensorcelled Hibernation  Hex/Ice        ######       0%          2
 Passwall                 Tmut/Erth      ########     0%          2
 Poisonous Vapours        Pois/Air       ######       0%          2
 Searing Ray              Conj           ######       0%          2
 Slow                     Hex            #######.     0%          2
 Swiftness                Air            ########     0%          2
 Wereblood                Tmut           #######.     0%          2
 Confusing Touch          Hex            #######.     0%          3
 Dazzling Flash           Conj/Hex       ######       0%          3
 Frozen Ramparts          Ice            ######       0%          3
 Gell's Gravitas          Tloc           ########..   0%          3
 Mephitic Cloud           Conj/Pois/Air  #######.     0%          3
 Ozocubu's Armour         Ice            ########     0%          3
 Portal Projectile        Hex/Tloc       ######       0%          3
 Static Discharge         Conj/Air       ########     0%          3
 Stone Arrow              Conj/Erth      ######       0%          3
 Tukima's Dance           Hex            #######.     0%          3
 Airstrike                Air            ########..   0%          4
 Hailstorm                Conj/Ice       ########     0%          4
 Iskenderun's Mystic Bla  Conj/Tloc      ########     0%          4
 Leda's Liquefaction      Hex/Erth       ########..   0%          4
 Petrify                  Tmut/Erth      ########     0%          4
 Lee's Rapid Deconstruct  Erth           ########..   0%          5
 Lightning Bolt           Conj/Air       ########..   0%          5
 Silence                  Hex/Air        ########..   0%          5
 Animate Skeleton         Necr           ######       1%          1
 Foxfire                  Conj/Fire      ####         1%          1
 Sting                    Tmut/Pois      ####         1%          1
 Summon Small Mammal      Summ           ####         1%          1
 Call Imp                 Summ           #####...     1%          2
 Call Canine Familiar     Summ           #####...     1%          3
 Conjure Flame            Conj/Fire      #######.     1%          3
 Ignite Poison            Fire/Tmut/Pois ######..     1%          3
 Inner Flame              Hex/Fire       ######..     1%          3
 Spider Form              Tmut/Pois      ######....   1%          3
 Summon Guardian Golem    Hex/Summ       ######..     1%          3
 Animate Dead             Necr           ######....   1%          4
 Ice Form                 Ice/Tmut       #######.     1%          4
 Sticky Flame             Conj/Fire      #######.     1%          4
 Summon Ice Beast         Ice/Summ       #######.     1%          4
 Summon Lightning Spire   Summ/Air       #######.     1%          4
 Blade Hands              Tmut           #######...   1%          5
 Bolt of Magma            Conj/Fire/Erth #######...   1%          5
 Borgnjor's Vile Clutch   Necr/Erth      #######...   1%          5
 Excruciating Wounds      Necr           ######....   1%          5
 Fireball                 Conj/Fire      #######...   1%          5
 Irradiate                Conj/Tmut      #######...   1%          5
 Iskenderun's Battlesphe  Conj           #######.     1%          5
 Metabolic Englaciation   Hex/Ice        #######...   1%          5
 Summon Mana Viper        Hex/Summ       ######..     1%          5
 Yara's Violent Unravell  Hex/Tmut       #######...   1%          5
 Conjure Ball Lightning   Conj/Air       ########..   1%          6
 Dispersal                Tloc           ########..   1%          6
 Freezing Cloud           Conj/Ice/Air   ########..   1%          6
 Invisibility             Hex            #######.     1%          6
 Iron Shot                Conj/Erth      ########..   1%          6
 Simulacrum               Ice/Necr       #######...   1%          6
 Olgreb's Toxic Radiance  Pois           #####...     2%          4
 Starburst                Conj/Fire      #######...   2%          6
 Dragon Form              Tmut           #######...   3%          7
 Death Channel            Necr           ######....   5%          6
 Malign Gateway           Summ/Tloc      #######...   9%          7
 Spellforged Servitor     Conj/Summ      #######...   14%         7
 Discord                  Hex            #######...   12%         8
 Ignition                 Fire           #####.....   100%        8
 Dragon's Call            Summ           #####.....   100%        9


Dungeon Overview and Level Annotations

Branches:
Dungeon (15/15)            Temple (1/1) D:4            Lair (6/6) D:10
 Shoals (4/4) Lair:4       Spider (4/4) Lair:3        Slime (0/5) Lair:5
    Orc (2/2) D:12            Elf (3/3) Orc:2        Vaults (5/5) D:13
  Crypt (3/3) Vaults:3       Tomb (2/3) Crypt:3      Depths (5/5) D:15
   Hell (visited)             Dis (0/7) Hell            Geh (0/7) Hell
    Coc (0/7) Hell            Tar (0/7) Hell            Zot (0/5) Depths:5
  Sewer (visited)           IceCv (visited)         Volcano (visited)

Altars:
Ashenzari
Cheibriados
Dithmenos
Elyvilon
Fedhas
Gozag
Hepliaklqana
Kikubaaqudgha
Makhleb
Nemelex Xobeh
Okawaru
Qazlal
Ru
Sif Muna
Trog
Uskayaw
Vehumet
Wu Jian
Xom
Yredelemnul
Zin
The Shining One
Beogh
Jiyva
Lugonu

Shops:
D:10 [   D:11 *   D:13 *   D:14 ([   D:15 *:=:   Orc:2 !=?:   Lair:1 :::=?(:=
Shoals:1 !   Shoals:2 (   Depths:1 [*   Depths:2 *(

Portals:
Hell: Depths:1 Depths:2 Depths:3 Depths:4 Depths:5
Abyss: Depths:1 Depths:4
Pandemonium: Depths:3
Ziggurat: Depths:5

Annotations:
Shoals:3 1 runed translucent door, arthad's ghost, adept MfBe
Depths:5 2 runed translucent doors


Innate Abilities, Weirdness & Mutations

You cannot wear most types of armour.
You are very stealthy in the water. (Stealth+)
You are amphibious.
You can wear up to eight rings at the same time.
You can use your tentacles to constrict eight enemies at once.
Your skin changes colour to match your surroundings (Stealth+).
((Your rubbery body absorbs attacks. (AC +1, EV +1)))
You are dopey. (Int -2)


Message History

* * * LOW HITPOINT WARNING * * *
The bennu claws you but does no damage.
The ancient champion gestures at you while chanting.
The bolt of negative energy hits the mummy.
The mummy completely resists.
The bolt of negative energy hits the bennu.
The bennu completely resists.
The bolt of negative energy hits you but does no damage.
You resist.
The ancient champion points at you and mumbles some strange words.
The stone arrow hits you!
* * * LOW HITPOINT WARNING * * *
You hear a loud "Zot"!
The power of Zot is invoked against you!
You suddenly lose the ability to move!
The phantasmal warrior hits you.
* * * LOW HITPOINT WARNING * * *
The bennu pecks you but does no damage. The bennu claws you but does no damage.
The bennu claws you!
You die...
Your body crumbles into a pile of gold.

##################
..#......M.#M....#
..#^..^...§#Mzb..#
..'......*MM.^^..#
..#.....MM.#WW...#
..#^M......#....(#
###'#########)...#
.......!.,,,######
........,,,,#.bW8#
.$.....#**,.#.Wzb#
.......# *..#...M#
......M# *..#...M#
$......###..#...M#
$$.....M....#.^z.#
..$......^..#....#
............#...Z#
........bM..###§##


You could see 2 bennus, 2 ancient champions, a mummy priest, a phantasmal
warrior (summoned), a guardian mummy, a spectral snapping turtle (summoned), a
wraith (summoned) and a mummy.

Vanquished Creatures
  An ancient lich (Vaults:5)
  A juggernaut (Depths:5)
  Sojobo (Tomb:2)
  26 greater mummies
  Saint Roka (Orc:2)
  A caustic shrike (Depths:4)
  Margery (Depths:4)
  Bai Suzhen (Elf:3)
  2 curse toes (Crypt:3)
  Geryon (Hell)
  4 golden dragons
  2 bone dragons (Depths:5)
  A hellephant (Hell)
  7 liches
  An Ice Fiend (Depths:1)
  Rupert (Lair:4)
  8 tentacled monstrosities
  2 quicksilver dragons
  2 deep elf blademasters (Elf:3)
  6 titans
  The ghost of Wueresid the Spry, an adept DEWz of Sif Muna (Vaults:1)
  2 deep elf master archers (Elf:3)
  10 ancient champions
  12 sphinxes
  4 shadow dragons
  10 tengu reavers
  A storm dragon (Depths:4)
  Ilsuiw (Shoals:4)
  8 revenants
  11 deep elf sorcerers
  9 fire giants
  3 emperor scorpions
  2 ghost moths (Spider:4)
  17 frost giants
  4 iron dragons
  21 vault wardens
  5 ghouls
  2 orc warlords
  2 draconian shifters (Depths:5)
  2 spriggan defenders
  2 balrugs (Hell)
  5 deep elf elementalists (Elf:3)
  5 curse skulls
  A stone giant (shapeshifter) (Depths:2)
  A caustic shrike skeleton (Crypt:2)
  13 ironheart preservers
  A draconian annihilator (Depths:5)
  3 reapers
  10 very ugly things
  A war gargoyle (Hell)
  33 stone giants
  3 green draconians (Depths:5)
  12 vampire knights
  5 entropy weavers
  2 white draconians (Depths:5)
  Azrael (Elf:1)
  2 black draconians (Depths:5)
  5 spark wasps
  5 bennus
  7 deep elf demonologists
  A lorocyproca (Hell)
  A dire elephant (Lair:6)
  5 red draconians (Depths:5)
  4 deep elf annihilators
  20 ettins
  4 yellow draconians (Depths:5)
  4 eidola
  An ettin (shapeshifter) (D:15)
  5 jiangshi
  9 mummy priests
  9 merfolk impalers
  15 fire dragons
  4 deep elf death magi
  A green death (Hell)
  19 ogre magi
  7 merfolk javelineers
  Josephine (D:10)
  2 blizzard demons (Hell)
  2 quicksilver dragon zombies (Hell)
  19 yaktaur captains
  10 rakshasas
  2 deep elf high priests
  10 great orbs of eyes
  35 vault guards
  A quicksilver dragon skeleton (Crypt:2)
  14 ice dragons
  6 spriggan air magi
  9 hydras
  A catoblepas (shapeshifter) (Vaults:1)
  A hell beast (Depths:2)
  7 merfolk aquamancers
  A spectral frost giant (Vaults:1)
  Erica (D:10)
  5 merfolk avatars
  An anaconda (Shoals:1)
  8 centaur warriors
  2 satyrs (Shoals:4)
  2 alligator snapping turtles (Shoals:4)
  4 death knights
  7 vampire magi
  6 death yaks
  A spectral stone giant (Vaults:1)
  An alligator (Shoals:1)
  11 deep troll earth magi
  9 deep troll shamans
  59 two-headed ogres
  A queen ant (Lair:2)
  26 death scarabs
  5 tengu warriors
  3 titan zombies
  A spectral storm dragon (Vaults:1)
  An orc high priest (Elf:3)
  Urug (D:10)
  4 hell hogs (Hell)
  A titan skeleton (Crypt:3)
  8 sun demons
  5 spriggan berserkers
  3 iron golems (Hell)
  Sonja (D:11)
  A spectral yaktaur (Vaults:1)
  32 hell knights
  24 deep elf knights
  8 soul eaters
  4 shadow wraiths
  2 golden dragon zombies
  An iron giant zombie (Crypt:3)
  2 sea snakes (shapeshifter)
  8 iron trolls
  2 flayed ghosts
  30 deep trolls
  14 skeletal warriors
  2 anaconda zombies (Crypt:1)
  2 salamander mystics (Depths:5)
  An unseen horror (shapeshifter) (Vaults:5)
  2 storm dragon skeletons
  A glowing orange brain (shapeshifter) (Depths:3)
  A death drake (shapeshifter) (Vaults:4)
  15 deep elf archers
  A ghost moth zombie (Hell)
  2 lindwurms (Volcano)
  A wizard (Depths:3)
  22 sea snakes
  3 shadow dragon zombies
  2 unseen horrors
  6 glowing orange brains
  17 phantasmal warriors
  19 ironbrand convokers
  An orange crystal statue (Elf:1)
  18 orc knights
  18 harpies
  62 deep elf magi
  14 orb spiders
  16 manticores
  An orb spider (shapeshifter) (Depths:2)
  An iron dragon zombie (Hell)
  4 orc sorcerers
  2 wolf spiders (shapeshifter)
  13 cyclopes
  An oklob plant (Lair:4)
  11 necromancers
  A faun (shapeshifter) (Vaults:5)
  4 fauns
  35 wolf spiders
  3 frost giant zombies (Hell)
  An iron dragon skeleton (Crypt:3)
  A moth of wrath (shapeshifter) (Depths:5)
  An elephant (shapeshifter) (Vaults:5)
  4 salamanders (Depths:5)
  7 merfolk sirens (Shoals:4)
  A moth of wrath (Spider:4)
  4 stone giant skeletons
  A shock serpent zombie (Tomb:1)
  24 ugly things
  A black mamba (Lair:6)
  Maurice (Orc:2)
  A frost giant skeleton (Crypt:3)
  A guardian serpent (shapeshifter) (Vaults:5)
  17 elephants
  5 ice statues
  A black mamba (shapeshifter) (Depths:3)
  8 rust devils
  16 vault sentinels
  A naga mage (D:15)
  13 cane toads
  A fire giant skeleton (Hell)
  2 spriggan zombies (Hell)
  A smoke demon (Hell)
  A molten gargoyle (Volcano)
  A storm dragon simulacrum (Tomb:2)
  A gargoyle (D:12)
  A titan simulacrum (Vaults:1)
  2 yaktaur zombies (Hell)
  5 water nymphs
  A cane toad (shapeshifter) (Depths:5)
  A purple draconian zombie (Crypt:1)
  An eye of devastation (shapeshifter) (Depths:1)
  3 rime drakes
  An elf zombie (Hell)
  14 komodo dragons
  2 dire elephant skeletons
  2 catoblepas zombies
  3 hellions (Hell)
  2 kobold demonologists
  3 efreet (Volcano)
  A rime drake (shapeshifter) (Vaults:5)
  4 ice devils
  8 freezing wraiths
  A death yak skeleton (Crypt:1)
  17 demonic crawlers
  70 yaktaurs
  An anaconda simulacrum (Hell)
  3 tengu conjurers
  A merfolk (shapeshifter) (Depths:2)
  A yaktaur skeleton (Vaults:3)
  24 guardian mummies
  4 hydra zombies
  A grey draconian skeleton (Crypt:2)
  19 polar bears
  A tengu simulacrum (Depths:2)
  A jumping spider (shapeshifter) (Vaults:5)
  40 jumping spiders
  6 meliai (D:15)
  A queen bee (Depths:3)
  9 trolls
  27 merfolk
  2 wind drakes (shapeshifter)
  18 hornets
  46 slime creatures
  A tyrant leech (shapeshifter) (Vaults:5)
  18 blink frogs
  3 ettin zombies
  7 wind drakes
  Prince Ribbit (D:5)
  Grinder (Sewer)
  18 dream sheep
  A harpy skeleton (Tomb:2)
  10 hippogriffs
  2 fire giant simulacra (Vaults:1)
  A hydra skeleton (Hell)
  2 spectral humans (Vaults:1)
  2 alligator zombies (Hell)
  A bog body (Crypt:1)
  A dream sheep (shapeshifter) (Depths:2)
  11 flying skulls
  12 snapping turtles
  37 tarantellas
  3 vampires (Crypt:3)
  2 ettin skeletons
  8 ushabtiu
  A tarantella (shapeshifter) (Depths:2)
  3 air elementals
  Sigmund (D:5)
  A spriggan (shapeshifter) (Vaults:3)
  3 spriggans
  5 wyverns
  A fire dragon skeleton (Crypt:3)
  83 redbacks
  2 yaks (shapeshifter)
  13 water elementals
  A black mamba skeleton (Crypt:1)
  16 fire elementals
  2 basilisks
  14 wraiths
  68 yaks
  A yaktaur simulacrum (Vaults:3)
  9 vampire mosquitoes
  29 wargs
  A tengu zombie (Hell)
  The ghost of rz the Bolt Thrower, an amateur TeHu (D:3)
  6 soldier ants
  4 acid dragons
  A soldier ant (shapeshifter) (Vaults:2)
  3 porcupines
  An orb spider zombie (Crypt:2)
  A floating eye (Depths:4)
  7 water moccasins
  9 hell hounds
  A water moccasin (shapeshifter) (Depths:3)
  A deep troll skeleton (Vaults:3)
  61 orc warriors
  2 sky beasts
  A hornet zombie (D:8)
  A swamp dragon zombie (Crypt:3)
  36 ogres
  A snapping turtle zombie (Crypt:1)
  2 necrophages
  A cane toad skeleton (Hell)
  10 ice beasts
  An alligator simulacrum (Hell)
  An eye of draining (D:12)
  An elf simulacrum (Vaults:1)
  2 blink frog zombies
  4 phantoms
  34 wolves
  8 boggarts
  A dream sheep zombie (Crypt:2)
  22 centaurs
  A swamp dragon skeleton (Crypt:1)
  A fire crab zombie (Crypt:3)
  A draconian zombie (Crypt:2)
  9 big kobolds
  16 crocodiles
  A human skeleton (Vaults:3)
  12 bullfrogs
  A glowing shapeshifter simulacrum (Vaults:1)
  A rime drake skeleton (Crypt:3)
  A gnoll sergeant (D:6)
  A hippogriff skeleton (Crypt:1)
  A salamander skeleton (Crypt:3)
  6 earth elementals
  A cane toad simulacrum (Hell)
  4 wyvern skeletons
  2 scorpions
  A water moccasin skeleton (Crypt:1)
  A cyclops skeleton (Crypt:1)
  A killer bee (shapeshifter) (Depths:2)
  2 human simulacra (Vaults:1)
  43 killer bees
  8 wights
  A yak zombie (Crypt:2)
  8 electric eels
  9 howler monkeys
  2 crimson imps (Depths:5)
  3 centaur zombies
  A quasit (Sewer)
  A bullfrog zombie (Crypt:3)
  An iron imp (Hell)
  A human zombie (Hell)
  16 orc priests
  6 hounds
  24 orc wizards
  7 centaur skeletons
  5 bullfrog skeletons
  8 iguanas
  21 worker ants
  8 hell rats (Hell)
  A big kobold zombie (Sewer)
  A hound zombie (D:8)
  32 mummies
  A worker ant zombie (D:8)
  3 gnolls (D:6)
  14 adders
  2 river rats (D:5)
  A steam dragon skeleton (Crypt:2)
  4 shadow imps
  5 white imps
  3 ufetubi
  An ooze (Sewer)
  An adder zombie (D:7)
  2 adder skeletons
  2 worms (D:4)
  2 dart slugs
  7 leopard geckos
  141 orcs
  9 bats
  8 giant cockroaches
  3 goblins
  8 hobgoblins
  15 jackals
  42 kobolds
  2 quokkas
  3 ball pythons
  A dart slug zombie (Crypt:3)
  6 frilled lizards
  A frilled lizard zombie (Crypt:1)
  A jackal skeleton (D:4)
  A leopard gecko skeleton (D:7)
  An orc zombie (Crypt:1)
  26 rats
  4 bushes
  A fire vortex (Volcano)
  20 fulminant prisms
2846 creatures vanquished.

Vanquished Creatures (collateral kills)
  A golden dragon (Vaults:4)
  Arachne (Spider:4)
  A shadow dragon (Vaults:5)
  A tengu reaver (Vaults:5)
  A storm dragon (Vaults:5)
  A deep elf sorcerer (Elf:3)
  A deep elf high priest (Elf:3)
  A wolf spider (Spider:4)
  2 toenail golems (Volcano)
  4 redbacks (Spider:4)
  A tarantella (Lair:3)
  A fire vortex (Volcano)
16 creatures vanquished.

Vanquished Creatures (others)
  An eldritch tentacle (Tomb:2)
  23 dancing weapons
  A spark wasp zombie (Hell)
  A jumping spider (Spider:3)
  An air elemental (Elf:2)
  A water elemental (Shoals:1)
  Ijyb (D:5)
  A mummy (Tomb:2)
  A giant cockroach zombie (Sewer)
  810 fulminant prisms
  82 fungi
  219 plants
1142 creatures vanquished.

Grand Total: 4004 creatures vanquished

Notes
Turn   | Place    | Note
-------+----------+-------------------------------------------
     0 | D:1      | simcity the Octopode Conjurer began the quest for the Orb.
     0 | D:1      | Reached XP level 1. HP: 11/11 MP: 3/3
   569 | D:1      | Reached XP level 2. HP: 15/17 MP: 1/5
   573 | D:1      | Learned a level 2 spell: Searing Ray
  1353 | D:1      | Reached XP level 3. HP: 21/21 MP: 3/6
  2092 | D:2      | Reached XP level 4. HP: 27/27 MP: 5/8
  2577 | D:2      | Learned a level 3 spell: Dazzling Flash
  3266 | D:2      | Reached skill level 5 in Conjurations
  3469 | D:3      | Found a runed translucent gate.
  3469 | D:3      | Found a runed translucent gate.
  3469 | D:3      | Found a runed translucent gate.
  3470 | D:3      | Noticed a big kobold
  3470 | D:3      | Noticed a big kobold
  3471 | D:3      | Noticed rz's ghost (amateur TeHu)
  3629 | D:3      | Noticed a phantom
  3635 | D:3      | Killed a phantom
  3635 | D:3      | Reached XP level 5. HP: 31/31 MP: 1/10
  3708 | D:3      | Learned a level 4 spell: Fulminant Prism
  3743 | D:3      | You fall into a shaft and drop 1 floor!
  3790 | D:3      | Reached XP level 6. HP: 36/36 MP: 9/12
  4202 | D:3      | Reached skill level 1 in Hexes
  4848 | D:4      | Found a staircase to the Ecumenical Temple.
  4928 | Temple   | Entered the Ecumenical Temple
  4966 | D:4      | Found an opulent altar of Gozag.
  4968 | D:4      | Found an ornate altar of the Wu Jian Council.
  5094 | D:4      | Found a basalt altar of Yredelemnul.
  5097 | D:4      | Found a sparkling altar of Nemelex Xobeh.
  5099 | D:4      | Became a worshipper of Gozag Ym Sagoz the Greedy
  5340 | D:4      | Found a white marble altar of Elyvilon.
  5341 | D:4      | Found a glowing silver altar of Zin.
  5478 | D:4      | Reached XP level 7. HP: 41/41 MP: 2/14
  5743 | D:5      | Entered Level 5 of the Dungeon
  5743 | D:5      | Noticed Sigmund
  6002 | D:5      | Killed Sigmund
  6002 | D:5      | Reached skill level 5 in Spellcasting
  6053 | D:5      | Noticed Ijyb
  6065 | D:5      | Your ally died
  6338 | D:5      | Found a glowing drain.
  6344 | Sewer    | Entered a sewer
  6477 | Sewer    | Learned a level 4 spell: Iskenderun's Mystic Blast
  6609 | Sewer    | Reached XP level 8. HP: 46/46 MP: 11/16
  6928 | Sewer    | Reached skill level 1 in Translocations
  7062 | Sewer    | Noticed Grinder
  7142 | Sewer    | Found a burning altar of Makhleb.
  7219 | Sewer    | Killed Grinder
  8855 | D:5      | Noticed Prince Ribbit
  8944 | D:5      | Killed Prince Ribbit
  8944 | D:5      | Reached skill level 5 in Hexes
  8944 | D:5      | Reached XP level 9. HP: 51/51 MP: 11/18
  9775 | D:6      | Got a dazzling hat
  9815 | D:6      | Identified the +0 hat "Aner" {Str+4} (You found it on level
                  | 6 of the Dungeon)
 10957 | D:7      | Reached skill level 1 in Fighting
 10985 | D:7      | Reached skill level 5 in Translocations
 10985 | D:7      | Reached XP level 10. HP: 44/60 MP: 3/20
 12994 | D:8      | Noticed a two-headed ogre
 13004 | D:8      | Killed a two-headed ogre
 13678 | D:9      | Found a burning altar of Makhleb.
 14595 | D:10     | Entered Level 10 of the Dungeon
 14627 | D:10     | Noticed Erica
 14636 | D:10     | Killed Erica
 14884 | D:10     | Reached XP level 11. HP: 69/69 MP: 23/23
 15287 | D:10     | Noticed Urug
 15494 | D:10     | Killed Urug
 15589 | D:10     | Noticed Josephine
 15601 | D:10     | Killed Josephine
 15606 | D:10     | Reached skill level 10 in Conjurations
 15998 | D:10     | Found Vafatrad's Armour Emporium.
 16105 | D:10     | Found a staircase to the Lair.
 16455 | Lair:1   | Entered Level 1 of the Lair of Beasts
 16512 | Lair:1   | Noticed a seven-headed hydra
 16525 | Lair:1   | Killed a seven-headed hydra
 16626 | Lair:1   | Noticed an eight-headed hydra
 16639 | Lair:1   | Killed an eight-headed hydra
 16999 | Lair:1   | Got a scorched graven amulet
 17442 | Lair:1   | Identified the amulet of Amorality {Inacc +Inv rF+} (You
                  | found it on level 1 of the Lair of Beasts)
 17755 | Lair:2   | Reached XP level 12. HP: 74/74 MP: 22/25
 19150 | Lair:2   | Noticed a queen ant
 19183 | Lair:2   | Killed a queen ant
 19780 | Lair:3   | Reached skill level 10 in Spellcasting
 20207 | Lair:3   | Reached skill level 10 in Hexes
 20558 | Lair:3   | Reached XP level 13. HP: 79/79 MP: 27/27
 20658 | Lair:3   | Found a hole to the Spider Nest.
 20764 | Lair:4   | Found a dark tunnel.
 20780 | Volcano  | Entered a volcano
 21784 | Lair:4   | Reached skill level 10 in Translocations
 21999 | Lair:4   | Found a staircase to the Shoals.
 22272 | Lair:4   | Noticed Rupert
 22318 | Lair:4   | Killed Rupert
 22414 | Lair:4   | Reached skill level 5 in Stealth
 23369 | Lair:5   | Found a staircase to the Slime Pits.
 23369 | Lair:5   | Found a viscous altar of Jiyva.
 23962 | Lair:5   | Reached XP level 14. HP: 85/85 MP: 27/29
 24332 | Lair:6   | Entered Level 6 of the Lair of Beasts
 24972 | Lair:6   | Noticed a dire elephant
 26581 | Lair:6   | Killed a dire elephant
 28703 | Lair:1   | Learned a level 4 spell: Cause Fear
 28847 | D:11     | Found Kyecoryo's General Store.
 28941 | D:11     | Noticed Sonja
 28943 | D:11     | Killed Sonja
 29053 | D:11     | Reached XP level 15. HP: 91/91 MP: 30/30
 29096 | D:11     | Reached skill level 5 in Fighting
 29804 | D:12     | Reached skill level 1 in Shields
 29825 | D:12     | Reached XP level 16. HP: 98/98 MP: 24/31
 31222 | D:12     | Found a staircase to the Orcish Mines.
 31328 | D:12     | Reached skill level 5 in Dodging
 31535 | D:12     | Learned a level 3 spell: Mephitic Cloud
 31538 | D:12     | Learned a level 2 spell: Blink
 31721 | D:12     | Learned a level 4 spell: Animate Dead
 31722 | Orc:1    | Entered Level 1 of the Orcish Mines
 31939 | Orc:1    | Found a roughly hewn altar of Beogh.
 32082 | Orc:1    | Found a bloodstained altar of Trog.
 32170 | Orc:1    | Reached skill level 1 in Necromancy
 32559 | Orc:1    | Learned a level 5 spell: Borgnjor's Vile Clutch
 32560 | Orc:2    | Entered Level 2 of the Orcish Mines
 32560 | Orc:2    | Noticed Maurice
 32567 | Orc:2    | Killed Maurice
 32842 | Orc:1    | Reached skill level 1 in Earth Magic
 33046 | Orc:2    | Noticed Saint Roka
 40571 | Orc:2    | Killed Saint Roka
 40572 | Orc:2    | Found a staircase to the Elven Halls.
 40967 | Orc:2    | Found a roughly hewn altar of Beogh.
 41195 | Orc:2    | Found Avviza's Jewellery Emporium.
 41195 | Orc:2    | Found Ichu's Magic Scroll Shop.
 41195 | Orc:2    | Found Xasuecheis's Book Boutique.
 41198 | Orc:2    | Found Zaic's Distillery.
 41203 | Orc:2    | Bought a scroll of fog for 30 gold pieces
 41203 | Orc:2    | Bought a scroll of amnesia for 52 gold pieces
 41210 | Orc:2    | Bought a potion of lignification for 33 gold pieces
 41210 | Orc:2    | Bought a potion of haste for 110 gold pieces
 41210 | Orc:2    | Bought 2 potions of heal wounds for 110 gold pieces
 41210 | Orc:2    | Bought a potion of curing for 33 gold pieces
 41210 | Orc:2    | Bought a potion of curing for 33 gold pieces
 41220 | Orc:2    | Bought a scroll of immolation for 52 gold pieces
 41473 | Orc:2    | Bought Liehuut's Guide on Ashen Bewitchment for 1104 gold
                  | pieces
 41476 | Orc:2    | Bought a +4 ring of protection for 468 gold pieces
 41476 | Orc:2    | Bought a cursed +4 ring of protection for 429 gold pieces
 41593 | Lair:1   | Learned a level 6 spell: Statue Form
 41598 | Lair:1   | Bought the ring of Detorunk {EV+4 Dex+5 SInv} for 692 gold
                  | pieces
 41605 | Lair:1   | Bought a +6 ring of intelligence for 702 gold pieces
 41613 | Lair:1   | Bought an ichor-stained hand crossbow for 263 gold pieces
 41614 | Lair:1   | Identified the +8 hand crossbow of Vanity {vorpal, +Inv
                  | rPois Int+4 SInv} (You bought it in a shop on level 1 of
                  | the Lair of Beasts)
 41713 | Spider:1 | Entered Level 1 of the Spider Nest
 41721 | Spider:1 | Reached skill level 1 in Transmutations
 41906 | Spider:1 | Reached skill level 5 in Earth Magic
 44024 | Spider:2 | Reached skill level 5 in Transmutations
 44472 | Spider:2 | Reached XP level 17. HP: 103/103 MP: 8/33
 46786 | Spider:4 | Entered Level 4 of the Spider Nest
 48182 | Spider:4 | Reached skill level 10 in Earth Magic
 48978 | Spider:4 | Noticed Arachne
 48988 | Spider:4 | Killed Arachne
 49329 | Lair:1   | Bought a manual of Spellcasting for 1876 gold pieces
 49909 | Spider:4 | Got a gossamer rune of Zot
 50144 | Spider:4 | Reached skill level 10 in Transmutations
 50565 | Shoals:1 | Entered Level 1 of the Shoals
 50565 | Shoals:1 | Found Vyoch's Distillery.
 50764 | Shoals:1 | Reached XP level 18. HP: 110/110 MP: 8/34
 50934 | Shoals:1 | Bought a potion of lignification for 36 gold pieces
 52820 | Shoals:1 | Got a masterwork animal skin
 53292 | Shoals:1 | Found Vyoch's Distillery.
 53775 | Shoals:1 | Learned a level 6 spell: Ozocubu's Refrigeration
 54049 | Shoals:2 | Reached skill level 1 in Ice Magic
 54739 | Shoals:2 | Found Cuteoserr's Weapon Emporium.
 55435 | Shoals:2 | Noticed a titan
 55444 | Shoals:2 | Killed a titan
 56855 | Shoals:3 | Found a runed translucent door.
 56862 | Shoals:3 | Noticed arthad's ghost (adept MfBe)
 56868 | Shoals:3 | Identified a scroll of acquirement
 57068 | Lair:1   | Bought a book of Power for 765 gold pieces
 57076 | Lair:1   | Learned a level 7 spell: Orb of Destruction
 57995 | Shoals:4 | Entered Level 4 of the Shoals
 58344 | Shoals:4 | Noticed Ilsuiw
 58911 | Shoals:4 | Killed Ilsuiw
 58961 | Shoals:4 | Reached XP level 19. HP: 120/120 MP: 18/37
 58984 | Shoals:4 | Reached skill level 5 in Ice Magic
 59330 | Shoals:4 | Got a transparent steel ring
 59331 | Shoals:4 | Identified the ring "Wikuek" {rPois rN+++ AC+4 Str+2
                  | Stlth-} (You found it on level 4 of the Shoals)
 59893 | Shoals:4 | Reached skill level 10 in Evocations
 60401 | Shoals:4 | Got a barnacled rune of Zot
 60480 | Shoals:4 | Reached skill level 15 in Spellcasting
 61028 | D:13     | Found a frozen archway.
 61048 | IceCv    | Entered an ice cave
 62227 | D:13     | Found a radiant altar of Vehumet.
 62775 | D:13     | Found a gate to the Vaults.
 62885 | Lair:1   | Acquired 1247 gold pieces
 63038 | D:13     | Found Zakymaduug's Assorted Antiques.
 63041 | D:13     | Bought a scroll labeled XOATAG TOTED for 29 gold pieces
 63041 | D:13     | Bought a scroll of blinking for 217 gold pieces
 63041 | D:13     | Bought a scroll of identify for 58 gold pieces
 63047 | D:13     | Bought a scroll of acquirement for 1508 gold pieces
 63049 | D:13     | Acquired the Tome of Displacement and Blows and Bruises
 63373 | Vaults:1 | Entered Level 1 of the Vaults
 63753 | Vaults:1 | Found the +7 lajatang of Order {silver, rMut}
 65457 | Vaults:1 | Reached XP level 20. HP: 126/126 MP: 22/39
 65867 | Vaults:1 | Found a runed translucent gate.
 65867 | Vaults:1 | Found a runed translucent gate.
 65867 | Vaults:1 | Found a runed translucent gate.
 65869 | Vaults:1 | Noticed Wueresid's ghost (adept DEWz)
 68072 | Vaults:2 | Reached skill level 10 in Ice Magic
 68362 | Lair:1   | Acquired 927 gold pieces
 69727 | Vaults:3 | Found a staircase to the Crypt.
 70266 | Vaults:3 | Reached XP level 21. HP: 132/132 MP: 32/41
 70629 | Vaults:3 | Reached skill level 15 in Earth Magic
 74240 | Lair:1   | Bought a book of the Earth for 1105 gold pieces
 74250 | Lair:1   | Learned a level 9 spell: Shatter
 74254 | Lair:1   | Bought the Incunabulum of Spatial Confrontation for 684
                  | gold pieces
 74262 | Lair:1   | Bought a +6 ring of intelligence for 994 gold pieces
 74272 | Lair:1   | Bought a book of the Sky for 845 gold pieces
 74537 | Vaults:5 | Entered Level 5 of the Vaults
 74538 | Vaults:5 | Reached XP level 22. HP: 137/137 MP: 32/42
 74781 | Vaults:5 | Noticed a golden dragon
 74995 | Vaults:4 | Killed a golden dragon
 75119 | Vaults:5 | Noticed an ancient lich
 75122 | Vaults:5 | Killed an ancient lich
 75497 | Lair:1   | Learned a level 4 spell: Leda's Liquefaction
 75745 | Vaults:5 | Reached skill level 1 in Air Magic
 75980 | Vaults:5 | Reached XP level 23. HP: 143/143 MP: 28/43
 75980 | Vaults:5 | Identified the +3 leather armour "Imuosam" {rC+ Dex+7
                  | Stlth-}
 75982 | Vaults:5 | Noticed a golden dragon
 77375 | Vaults:5 | Reached skill level 5 in Air Magic
 77878 | Vaults:4 | Killed a golden dragon
 78176 | Vaults:5 | Identified the cursed +1 falchion "Dip Oxaz" {vorpal, rElec
                  | Int+7}
 78388 | Vaults:5 | Identified the cursed +0 quarterstaff "Lavuk" {elec, Int+9}
 79421 | Vaults:5 | Identified the ring "Tuengius" {EV+4 Dex+4} (You found it
                  | on level 5 of the Vaults)
 80159 | Vaults:5 | Got a slimy shortbow
 80187 | Vaults:5 | Got a scorched short sword
 80219 | Vaults:5 | Got a dazzling broad axe
 80388 | Vaults:5 | Got a smoking shortbow
 80436 | Vaults:5 | Got a faintly glowing pewter ring
 80480 | Vaults:5 | Got a silver rune of Zot
 81062 | Lair:1   | Identified the ring of Ascent {rElec rC- AC+4 Str+3} (You
                  | found it on level 5 of the Vaults)
 81063 | Lair:1   | Identified the +11 shortbow "Buvilur" {freeze, *Contam +Fly
                  | MP-9 Str+3} (You found it on level 5 of the Vaults)
 81064 | Lair:1   | Identified the +9 broad axe "Dragon's Tongue" {protect,
                  | rElec rPois rN+ Int-5} (You found it on level 5 of the
                  | Vaults)
 81065 | Lair:1   | Identified the cursed +0 short sword "Iteor" {flame, MR+
                  | Int+4 Dex+8} (You found it on level 5 of the Vaults)
 81066 | Lair:1   | Identified the +7 shortbow "Kyd Saev" {vorpal, rC- rN+ MR++
                  | Dex+2} (You found it on level 5 of the Vaults)
 81296 | Crypt:1  | Entered Level 1 of the Crypt
 81301 | Crypt:1  | Found a basalt altar of Yredelemnul.
 81521 | Crypt:1  | Reached skill level 10 in Air Magic
 84356 | Crypt:3  | Entered Level 3 of the Crypt
 84700 | Crypt:3  | Reached XP level 24. HP: 148/148 MP: 23/43
 86058 | Crypt:3  | Noticed a curse toe
 86351 | Crypt:3  | Killed a curse toe
 86355 | Crypt:3  | Noticed a curse toe
 86358 | Crypt:3  | Killed a curse toe
 86541 | Crypt:3  | Found an ancient bone altar of Kikubaaqudgha.
 86544 | Crypt:3  | Found a basalt altar of Yredelemnul.
 86622 | Crypt:3  | Identified the ring "Kuerapp" {*Corrode rN+ MP+9 Dex+5}
                  | (You found it on level 3 of the Crypt)
 86623 | Crypt:3  | Identified the ring "Wiushrug" {+Blink rPois rN+ Int-4
                  | Dex+4} (You found it on level 3 of the Crypt)
 86626 | Crypt:3  | Identified the cursed +2 scimitar of Ekhlixtoa {freeze,
                  | Int+3} (You found it on level 3 of the Crypt)
 87561 | Crypt:3  | Found a staircase to the Tomb.
 87737 | Tomb:1   | Entered Level 1 of the Tomb of the Ancients
 87757 | Tomb:1   | Noticed a greater mummy
 87760 | Tomb:1   | Noticed a greater mummy
 87762 | Tomb:1   | Killed a greater mummy
 87762 | Tomb:1   | Reached skill level 15 in Air Magic
 87763 | Tomb:1   | Killed a greater mummy
 87938 | Tomb:1   | Noticed a greater mummy
 88117 | Tomb:1   | Noticed a greater mummy
 88117 | Tomb:1   | Noticed a greater mummy
 88118 | Tomb:1   | Noticed a greater mummy
 88119 | Tomb:1   | Killed a greater mummy
 88367 | Crypt:3  | Killed a greater mummy
 88639 | Tomb:1   | Noticed a greater mummy
 88642 | Tomb:1   | Killed a greater mummy
 88642 | Tomb:1   | Killed a greater mummy
 88642 | Tomb:1   | Killed a greater mummy
 88729 | Tomb:1   | Noticed a greater mummy
 88732 | Tomb:1   | Killed a greater mummy
 89195 | Tomb:1   | Noticed a greater mummy
 89200 | Tomb:1   | Killed a greater mummy
 89200 | Tomb:1   | Noticed a greater mummy
 89388 | Tomb:1   | Killed a greater mummy
 89388 | Tomb:1   | Reached XP level 25. HP: 153/153 MP: 6/43
 89443 | Tomb:1   | Noticed a greater mummy
 89446 | Tomb:1   | Killed a greater mummy
 89724 | Tomb:1   | Noticed a greater mummy
 90257 | Tomb:1   | Killed a greater mummy
 90413 | Tomb:1   | Noticed a greater mummy
 90480 | Tomb:1   | Killed a greater mummy
 90482 | Tomb:1   | Noticed a greater mummy
 90528 | Tomb:1   | Noticed a greater mummy
 90529 | Tomb:1   | Killed a greater mummy
 90657 | Tomb:1   | Killed a greater mummy
 91245 | Tomb:1   | Noticed a greater mummy
 91249 | Tomb:1   | Noticed a greater mummy
 91308 | Tomb:1   | Identified the ring "Laedgh" {rPois rF+ MR+ Stlth+}
 91310 | Tomb:1   | Killed a greater mummy
 91311 | Tomb:1   | Killed a greater mummy
 91312 | Tomb:1   | Noticed a greater mummy
 91798 | Lair:1   | Learned a level 9 spell: Tornado
 92112 | Tomb:1   | Noticed a greater mummy
 92113 | Tomb:1   | Killed a greater mummy
 92193 | Tomb:1   | Noticed a greater mummy
 92194 | Tomb:1   | Noticed a greater mummy
 92196 | Tomb:1   | Killed a greater mummy
 92197 | Tomb:1   | Killed a greater mummy
 92197 | Tomb:1   | Killed a greater mummy
 92825 | Tomb:1   | Noticed a greater mummy
 92839 | Tomb:1   | Killed a greater mummy
 94369 | Vaults:1 | Killed Wueresid's ghost
 94389 | Vaults:1 | Got a faintly humming hat
 94393 | Vaults:1 | Got a crystal executioner's axe
 94422 | Vaults:1 | Identified the cursed -5 hat "Cepsisch" {Stlth+} (You found
                  | it on level 1 of the Vaults)
 94424 | Vaults:1 | Identified the +8 executioner's axe of Harmony {spect,
                  | rElec Int+6 Dex-4} (You found it on level 1 of the Vaults)
 94727 | D:3      | Killed rz's ghost
 94934 | Lair:1   | Bought a manual of Crossbows for 1435 gold pieces
 94936 | Lair:1   | Bought a scroll of amnesia for 42 gold pieces
 94936 | Lair:1   | Bought a scroll of teleportation for 36 gold pieces
 94952 | Lair:1   | Bought a scroll of identify for 24 gold pieces
 94952 | Lair:1   | Bought a scroll of identify for 24 gold pieces
 95274 | D:14     | Reached skill level 1 in Crossbows
 95812 | D:14     | Found Liosun's Antique Armour Shoppe.
 95999 | D:14     | Found an ornate altar of the Wu Jian Council.
 96266 | D:14     | Found Zuome's Weapon Emporium.
 96573 | D:15     | Entered Level 15 of the Dungeon
 96575 | D:15     | Reached XP level 26. HP: 159/159 MP: 22/43
 97206 | D:15     | Identified the cursed +1 leather armour of Jiule {+Inv
                  | Regen+}
 97214 | D:15     | Reached skill level 5 in Shields
 97510 | D:15     | Got a glittering garnet amulet
 97511 | D:15     | Identified the amulet "Qanezet" {Spirit *Corrode rElec
                  | Int+7 Dex-4} (You found it on level 15 of the Dungeon)
 97543 | D:15     | Reached skill level 5 in Crossbows
 97709 | D:15     | Found a staircase to the Depths.
 98745 | D:15     | Acquired 1389 gold pieces
 98761 | Depths:1 | Entered Level 1 of the Depths
 99102 | Depths:1 | Identified the amulet of Lolyvaix {Faith MR+ Str+3 Int+4}
 99875 | Depths:1 | Found Xiniag's Antique Armour Boutique.
 99922 | Depths:1 | Found Buhun's General Store.
 99932 | Depths:1 | Found a one-way gate to the infinite horrors of the Abyss.
100056 | Depths:1 | Found a gateway to Hell.
101041 | Depths:2 | Reached skill level 10 in Crossbows
101277 | Depths:2 | Found Ireileci's Antique Weapon Boutique.
101298 | Depths:2 | Found an ancient bone altar of Kikubaaqudgha.
101298 | Depths:2 | Found Kutuemorch's Profane Products.
102420 | Depths:3 | Reached XP level 27. HP: 166/166 MP: 32/43
102591 | Depths:3 | Identified the cursed +0 long sword of Skirmishing {freeze,
                  | Dex+6}
103369 | Elf:1    | Entered Level 1 of the Elven Halls
104001 | Elf:1    | Identified the Almanac of Conjuration and Calling
104640 | Elf:1    | Noticed Azrael
104700 | Elf:1    | Killed Azrael
105495 | Elf:2    | Found a shimmering blue altar of Sif Muna.
105618 | Elf:2    | Reached skill level 10 in Fighting
105899 | Elf:2    | Found a runed translucent gate.
105905 | Elf:2    | Identified the +4 morningstar of Fesulouf {vorpal, Int-4
                  | Dex+2 SInv Stlth+} (You found it on level 2 of the Elven
                  | Halls)
105907 | Elf:2    | Found a runed translucent gate.
105907 | Elf:2    | Found a runed translucent gate.
106728 | Elf:3    | Entered Level 3 of the Elven Halls
106787 | Elf:3    | Noticed Bai Suzhen
107213 | Elf:3    | Identified the +4 whip "Tirif" {venom, Dex+4}
107213 | Elf:3    | Identified the +4 hand axe "Concordance" {venom, *Noise
                  | +Inv rPois MR+++ Stlth+}
107251 | Elf:3    | Killed Bai Suzhen
108033 | Lair:1   | Learned a level 4 spell: Passage of Golubria
108224 | Elf:3    | Identified the Volume of Quantum Leap
108963 | Lair:1   | Learned a level 8 spell: Disjunction
109109 | D:15     | Bought a manual of Throwing for 1987 gold pieces
109111 | D:15     | Bought the amulet of the Four Winds {rN+ MR+++ Clar} for
                  | 1009 gold pieces
109111 | D:15     | Found the amulet of the Four Winds {rN+ MR+++ Clar}
109177 | Depths:2 | Bought a brightly glowing falchion for 312 gold pieces
109177 | Depths:2 | Identified the cursed +3 falchion "Koobon" {freeze, +Inv
                  | Int+2 Dex-4} (You bought it in a shop on level 2 of the
                  | Depths)
109791 | Depths:3 | Identified the cursed +1 robe "Rereum" {Dex+4}
110132 | Depths:3 | Identified the ring of Seym {+Fly Int+7 Dex+4}
111443 | Depths:3 | Identified the +7 dire flail of Success {holy, rPois rF+++
                  | Dex-3 Stlth+}
112318 | Depths:3 | Found a one-way gate leading to the halls of Pandemonium.
113497 | Depths:3 | Identified Wityafowk's Disquisition on Confrontation and
                  | the Snowflakes
113733 | Depths:3 | Identified the +1 arbalest of the Snake Pit {flame, Str+4}
                  | (You found it on level 3 of the Depths)
113779 | Depths:4 | Noticed Margery
113785 | Depths:4 | Killed Margery
114839 | Depths:4 | You fall into a shaft and drop 1 floor!
114839 | Depths:5 | Entered Level 5 of the Depths
115185 | Depths:4 | Found a corrupted altar of Lugonu.
115792 | Depths:4 | Found a runed translucent door.
115810 | Depths:4 | Found a runed translucent door.
115812 | Depths:4 | Paralysed by a floating eye for 4 turns
116099 | Depths:4 | Found a runed translucent door.
116106 | Depths:4 | Found a runed translucent door.
116107 | Depths:4 | Identified the Grimoire of the Spatial Rocks
116153 | Depths:4 | Identified the Compendium of Damaging Evil Rituals
116165 | Depths:4 | Got a slimy pewter amulet
116216 | Depths:4 | Identified the amulet of Poesh {Faith rPois rC+} (You found
                  | it on level 4 of the Depths)
116614 | Depths:5 | Noticed a juggernaut
118613 | Depths:5 | Reached skill level 10 in Dodging
119717 | Depths:5 | Found a gate to the Realm of Zot.
119760 | Depths:5 | Found a runed translucent door.
119872 | Depths:5 | Found a runed translucent door.
120228 | Depths:5 | Killed a juggernaut
120875 | Depths:5 | Found a runed translucent door.
120886 | Depths:5 | Found a runed translucent door.
120967 | Depths:5 | Found a runed translucent door.
121473 | Depths:5 | Found a gateway to a ziggurat.
121853 | Hell     | Entered the Vestibule of Hell
121853 | Hell     | Noticed Geryon
121859 | Hell     | Killed Geryon
123716 | Hell     | Found a gateway to the ashen valley of Gehenna.
123749 | Hell     | Found a gateway to the decaying netherworld of Tartarus.
123783 | Hell     | Found a gateway to the freezing wastes of Cocytus.
123911 | Hell     | Found a gateway to the Iron City of Dis.
124071 | D:15     | Acquired the ring "Siucrust" {rF+ rC++ Str+4}
124236 | Lair:1   | Bought the ring of Shadows {Umbra +Inv Stlth+} for 680 gold
                  | pieces
124236 | Lair:1   | Found the ring of Shadows {Umbra +Inv Stlth+}
124236 | Lair:1   | Bought the macabre finger necklace {rN+} for 680 gold
                  | pieces
124236 | Lair:1   | Found the macabre finger necklace {rN+}
124239 | Lair:1   | Bought a book of the Tempests for 910 gold pieces
124799 | D:15     | Bought a smoking glass ring for 190 gold pieces
124799 | D:15     | Bought a potion of cancellation for 304 gold pieces
124799 | D:15     | Identified the ring of Izinneabli {*Drain rElec rPois rC+}
                  | (You bought it in a shop on level 15 of the Dungeon)
125135 | Tomb:2   | Noticed a greater mummy
125137 | Tomb:2   | Noticed a greater mummy
125139 | Tomb:2   | Noticed a greater mummy
125143 | Tomb:2   | Noticed Sojobo
125148 | Tomb:2   | Killed a greater mummy
125148 | Tomb:2   | Reached skill level 15 in Translocations
125150 | Tomb:2   | Killed a greater mummy
125152 | Tomb:2   | Killed a greater mummy
125155 | Tomb:2   | Noticed a greater mummy
125187 | Tomb:2   | Killed Sojobo
125189 | Tomb:2   | Killed a greater mummy
125226 | Tomb:2   | HP: 2/177 [bennu (13)]
125283 | Tomb:2   | Gained mutation: You are dopey. (Int -2) [mutagenic glow]
125285 | Tomb:2   | HP: 5/230 [ancient champion/stone arrow (16)]
125285 | Tomb:2   | Paralysed by a Zot trap for 4 turns
125285 | Tomb:2   | Mangled by a bennu

Illustrated notes

Levels and vault maps discovered:
D:1:      dpeg_arrival_another_circle, layout_loops_ring
D:2:      layout_basic, minmay_rat_hole
D:3:      layout_basic, gammafunk_ghost_nasty_kobolds, serial_park_tiny_2
D:4:      layout_basic, gammafunk_temple_overflow_pools,
          grunt_temple_overflow_open, minmay_temple_entry_statues_fountains
D:5:      layout_rooms, gup_sewer_entry_bowl, uniq_sigmund, uniq_prince_ribbit1,
          uniq_ijyb
D:6:      layout_cave_pools, grunt_ministairs_6
D:7:      layout_loops_ring
D:8:      layout_basic
D:9:      layout_loops_corners, overflow_temple_1_default, minmay_lizard_king
D:10:     layout_small_grid, lair_entry_dummy, serial_shops, nicolae_shop_trees,
          uniq_erica, uniq_josephine, uniq_urug
D:11:     layout_irregular_city, serial_shops, shop, minivault_20,
          lightli_corner_chamber, uniq_sonja
D:12:     lemuel_castle_with_subvaults [lemuel_castle_interior_carwin_2],
          layout_stronghold, david_orc_2
D:13:     layout_loops_ring, david_vaults_2, serial_shops, kennysheep_mini_moat,
          portal_ice_cave_entry_pillars_1, basic_altar, minmay_puff
D:14:     layout_basic, chequers_serial_rivers_room_b, serial_shops, shop,
          nicolae_shop_waterfront, serial_aquarium, aquarium_bridge_island_small
          [aquarium_subvault_small_open, aquarium_subvault_bridge,
          aquarium_subvault_wall, aquarium_subvault_window,
          aquarium_subvault_bridge], aquarium_window_corridor_1,
          aquarium_window_2, aquarium_view_2b, aquarium_pool_side, basic_altar
D:15:     hangedman_depths_entry_try_elsewhere_first, layout_loops_corners,
          minmay_misc_feat_rows, minmay_door_square
Temple:   nicolae_temple_no_exploring_needed
Lair:1:   layout_gridlike, st_stairs_13, grunt_megastairs_1
Lair:2:   layout_cave_pods, wad_woods_antlair
Lair:3:   layout_cave_pods, spider_nest_entry_funnel_web, beast_lair_carwin_6
Lair:4:   layout_concentric_octagons, shoals_dummy_entry,
          nicolae_volcano_entry_lava_flow, st_stairs_8,
          nicolae_quartered_pool_little, serial_bayou_shore_a,
          infiniplex_staircase_pool, uniq_rupert
Lair:5:   layout_cave_pods, slime_altar_1
Lair:6:   gammafunk_lair_ancient_temple, layout_layer_cave, st_stairs_11
Shoals:1: argonaut_golden_fleece, layout_shoals, serial_shops, shop,
          nicolae_shoals_seven_spires, abandoned_shop,
          nicolae_shoals_siren_and_animal_friends
Shoals:2: cheibrodos_shoals_three_sisters, layout_shoals, serial_shops, shop,
          st_sunken_temple
Shoals:3: layout_shoals, ebering_ghost_reflecting_pool
Shoals:4: shoals_end_hangedman, layout_shoals, shoals_ilsuiw_ice
Spider:1: layout_spider_delve, drop_trap, einodemon_crawler_minivault
Spider:2: layout_spider_delve
Spider:3: layout_spider_delve
Spider:4: grunt_spider_rune_parallel, drop_trap, uniq_arachne
Orc:1:    layout_caves, basic_altar, serial_shops, trog_butcher_becter
Orc:2:    st_orc_rangers, layout_caves, basic_altar, mines_bat_river,
          uniq_maurice, uniq_saint_roka
Elf:1:    minmay_elf_arrival_summoners, layout_geoelf_diagonals,
          minmay_elf_sorcery, minivault_16, uniq_azrael
Elf:2:    layout_geoelf_diagonals, basic_altar
Elf:3:    grunt_elf_hall_spiral, layout_geoelf_octagon, uniq_bai_suzhen
Vaults:1: gammafunk_vaults_ghost_necromancy, vaults_dpeg_cross, st_octagons_2,
          serial_ice_m, hangedman_vaults_corner_blocks, v_misc_13, v_misc_5,
          nicolae_vaults_three_branches, nicolae_vaults_diagonal_hallway_9,
          hangedman_vaults_restitches, vaults_room_pool, v_pattern_2,
          ontoclasm_vaults_gateway, layout_vaults_big_room
Vaults:2: hangedman_vaults_stream, vaults_standard_mumra_enter_the_diamond,
          st_cells, ontoclasm_vaults_tryst, v_misc_11, grunt_vaults_twisty,
          hangedman_vaults_maws, layout_vaults_omnigrid
Vaults:3: minmay_crypt_entry_simple_sparse, nicolae_vaults_what_the_h,
          vaults_room_pool, vaults_room_octagon,
          nicolae_vaults_network_periphery, nicolae_vaults_big_angled_halls,
          hangedman_vaults_locks, nicolae_vaults_gold_heap,
          hangedman_vaults_restitches, v_misc_11, v_misc_11,
          nicolae_vaults_circle_grid_a, layout_vaults_omnibox
Vaults:4: nicolae_vaults_ninety_degrees, vaults_room_fours, v_alt_pattern_6,
          hangedman_vaults_stretched_pinwheel, ontoclasm_vaults_fault,
          hangedman_vaults_nails, v_misc_9, hangedman_vaults_variations,
          layout_vaults_omnicross
Vaults:5
Crypt:1:  layout_gridlike, basic_altar, chequers_big_river
Crypt:2:  layout_misc_corridors
Crypt:3:  lightli_unholy_cathedral, layout_chaotic_city,
          tomb_entry_simple_bobbens
Tomb:1
Tomb:2:   uniq_sojobo
Depths:1: layout_honeycomb, hangedman_decor_opposing, abyss_entry, hell_entry,
          serial_shops, nicolae_shop_waterfront, kennysheep_mini,
          grunt_ministairs_1, ice2_lemuel
Depths:2: minmay_split_circle, layout_cave_pools, serial_shops, shop,
          grunt_mini_vestibule, nicolae_evil_shop
Depths:3: box_level_dp, hell_entry, pan_entry
Depths:4: impenetrable_vault, layout_basic, abyss_entry_flame_altar,
          hangedman_coc_ice_floe, serial_sigils_hangedman_quiver,
          infiniplex_staircase_split_hallway, uniq_margery
Depths:5: evilmike_zot_entry_castle, layout_cave_pools, enter_ziggurat_f,
          pf_dread_powers_of_hell, glass_columns_b
Hell

Skill      XL: |  1  2  3  4  5  6  7  8  9 10 11 12 13 14 15 16 17 18 19 20 21 22 23 24 25 26 27 |
---------------+----------------------------------------------------------------------------------+-----
Spellcasting   | 3 4 5 6 7 8 9 10 11 12 14 15 16 20 | 20.0
Conjurations   | 5 6 7 8 9 10 11 12 13 | 13.2
Hexes          | 2 3 5 6 7 8 10 11 12 | 12.1
Translocations | 3 5 6 8 9 10 11 15 | 15.4
Fighting       | 1 4 5 8 12 | 12.0
Stealth        | 4 6 8 |  8.0
Dodging        | 4 5 6 8 12 | 12.0
Evocations     | 6 9 10 | 10.3
Shields        | 1 4 8 |  8.0
Necromancy     | 4 |  4.8
Earth Magic    | 7 11 12 14 18 20 21 | 21.2
Transmutations | 5 10 | 10.0
Ice Magic      | 4 8 10 14 | 14.5
Air Magic      | 2 12 17 20 21 | 21.8
Crossbows      | 2 12 13 | 13.7

Action                   |  1- 3 |  4- 6 |  7- 9 | 10-12 | 13-15 | 16-18 | 19-21 | 22-24 | 25-27 || total
-------------------------+-------+-------+-------+-------+-------+-------+-------+-------+-------++-------
Melee: Unarmed           |    10 |     8 |       |       |       |       |       |       |       ||    18
       Constrict         |     3 |     3 |     7 |     4 |     2 |    18 |     2 |     5 |     4 ||    48
       Tentacles         |     2 |       |     5 |     2 |     1 |    56 |     5 |    16 |     7 ||    94
       Hand axe          |       |     6 |    23 |     2 |       |       |       |       |       ||    31
       Dagger            |       |       |       |    10 |       |       |       |       |       ||    10
       Scimitar          |       |       |       |     1 |     1 |       |       |       |       ||     2
       Quick blade       |       |       |       |       |     7 |   184 |    13 |    81 |     5 ||   290
       Falchion          |       |       |       |       |       |       |       |     9 |       ||     9
       Staff             |       |       |       |       |       |       |       |       |    21 ||    21
 Fire: Hand crossbow     |       |     1 |       |       |       |     4 |    22 |     4 |    13 ||    44
Throw: Dart              |       |       |       |       |     2 |     2 |       |       |       ||     4
 Cast: Magic Dart        |    39 |    26 |    43 |     9 |     3 |    22 |     2 |       |       ||   144
       Searing Ray       |     9 |    27 |    26 |    47 |    33 |    66 |    19 |       |       ||   227
       Fulminant Prism   |       |     4 |    44 |   175 |   241 |   355 |    13 |     1 |     1 ||   834
       Iskenderun's Myst |       |       |    12 |    29 |    90 |   194 |    48 |    21 |     3 ||   397
       Dazzling Flash    |       |       |       |     2 |     1 |     8 |       |       |       ||    11
       Cause Fear        |       |       |       |       |       |    48 |     1 |     3 |       ||    52
       Mephitic Cloud    |       |       |       |       |       |    36 |     2 |       |       ||    38
       Borgnjor's Vile C |       |       |       |       |       |   209 |   173 |     3 |       ||   385
       Statue Form       |       |       |       |       |       |   120 |   144 |    90 |   245 ||   599
       Ozocubu's Refrige |       |       |       |       |       |    18 |   283 |    13 |    81 ||   395
       Orb of Destructio |       |       |       |       |       |    18 |    36 |    43 |    79 ||   176
       Blink             |       |       |       |       |       |       |     2 |     1 |       ||     3
       Shatter           |       |       |       |       |       |       |       |   223 |   400 ||   623
       Leda's Liquefacti |       |       |       |       |       |       |       |     7 |       ||     7
       Tornado           |       |       |       |       |       |       |       |       |   104 ||   104
       Disjunction       |       |       |       |       |       |       |       |       |    17 ||    17
       Passage of Golubr |       |       |       |       |       |       |       |       |     2 ||     2
Invok: Potion Petition   |       |       |       |       |     5 |       |       |       |     4 ||     9
       Call Merchant     |       |       |       |       |       |     3 |     3 |       |     6 ||    12
 Abil: Evoke Invisibilit |       |       |       |       |       |    24 |       |       |       ||    24
       End Transformatio |       |       |       |       |       |       |     1 |       |       ||     1
Evoke: Wand              |       |       |     1 |       |     8 |     7 |       |       |     9 ||    25
       Box of beasts     |       |       |       |       |     3 |     5 |       |     5 |     4 ||    17
       Condenser vane    |       |       |       |       |       |       |       |       |     3 ||     3
       Lightning rod     |       |       |       |       |       |       |       |       |     2 ||     2
       Tin of tremorston |       |       |       |       |       |       |       |       |     1 ||     1
       Phantom mirror    |       |       |       |       |       |       |       |       |     1 ||     1
  Use: Scroll            |       |     1 |    13 |     5 |    21 |    15 |    12 |    17 |    27 ||   111
       Potion            |       |       |       |       |     6 |       |     4 |       |    16 ||    26
 Stab: Sleeping          |       |       |     1 |     1 |       |       |       |       |       ||     2
       Distracted        |       |       |       |       |       |       |       |     2 |       ||     2
Armor: Skin              |     3 |     4 |     2 |       |     5 |   327 |   251 |   223 |   387 ||  1202
Dodge: Dodged            |     8 |    31 |    44 |    29 |    50 |   846 |   460 |   332 |   679 ||  2479
Block: Buckler           |       |       |       |       |       |   374 |   203 |   166 |   291 ||  1034
       Rpst.: Scimitar   |       |       |       |     1 |       |       |       |       |       ||     1
       Falchion          |       |       |       |       |       |       |       |     3 |       ||     3

Table legend: (Time is in decaauts)
 A = Elapsed time spent in this place.
 B = Non-inter-level travel time spent in this place.
 C = Inter-level travel time spent in this place.
 D = Time resting spent in this place.
 E = Time spent auto-exploring this place.
 F = Levels seen in this place.
 G = Mean time per level.
                   A        B        C        D        E       F      G
               +--------+--------+--------+--------+--------+-----+--------+
         Total | 142345 | 130439 |  11906 |  59368 |  43367 |  54 | 2636.0 |
       Dungeon |  29248 |  25161 |   4087 |  10163 |  10618 |  15 | 1949.9 |
        Temple |     18 |     18 |      0 |     17 |      0 |   1 |   18.0 |
          Lair |  15531 |  13542 |   1989 |   6107 |   4726 |   6 | 2588.5 |
        Shoals |  11643 |  11093 |    550 |   3557 |   4547 |   4 | 2910.8 |
   Spider Nest |   8096 |   7690 |    406 |   2968 |   2689 |   4 | 2024.0 |
  Orcish Mines |   9740 |   9188 |    552 |   7167 |   1009 |   2 | 4870.0 |
   Elven Halls |   6657 |   6333 |    324 |   2411 |   2403 |   3 | 2219.0 |
        Vaults |  22155 |  19575 |   2580 |   7476 |   7176 |   5 | 4431.0 |
         Crypt |  11049 |  10291 |    758 |   6369 |   2645 |   3 | 3683.0 |
          Tomb |   2877 |   2771 |    106 |    343 |    800 |   2 | 1438.5 |
        Depths |  21399 |  20848 |    551 |  11527 |   5332 |   5 | 4279.8 |
          Hell |    799 |    799 |      0 |      0 |    565 |   1 |  799.0 |
         Sewer |   1154 |   1154 |      0 |    587 |    235 |   1 | 1154.0 |
      Ice Cave |   1412 |   1412 |      0 |    352 |    618 |   1 | 1412.0 |
       Volcano |    561 |    561 |      0 |    321 |      0 |   1 |  561.0 |
               +--------+--------+--------+--------+--------+-----+--------+

Top non-repeatable levels by time:
   Orc:1: 8409 daAuts
 Crypt:3: 6544 daAuts
Vaults:4: 6484 daAuts
Depths:4: 5987 daAuts
Depths:3: 5958 daAuts
Vaults:3: 4905 daAuts
Vaults:1: 4888 daAuts
Depths:5: 4153 daAuts
Shoals:1: 4029 daAuts
Vaults:2: 3845 daAuts
    D:15: 3358 daAuts
  Lair:5: 3344 daAuts
  Lair:3: 3294 daAuts
Depths:2: 2998 daAuts
    D:12: 2979 daAuts
